 Dungeon Crawl Stone Soup version 0.27-a0-1302-g7736ffe575 (webtiles) character file.

Game seed: 17642543080703083236

60081 Froggeryz the Severer (level 14, 0/115 HPs)
             Began as a Barachi Berserker on June 18, 2021.
             Was a High Priest of Trog.
             Slain by a blink frog (12 damage)
             ... on level 6 of the Lair of Beasts.
             The game lasted 00:31:06 (27362 turns).

Froggeryz the Severer (Barachi Berserker)          Turns: 27362, Time: 00:31:07

Health: 0/115      AC: 14    Str: 28    XL:     14   Next: 97%
Magic:  14/14      EV: 10    Int:  7    God:    Trog [*****.]
Gold:   2032       SH:  0    Dex: 18    Spells: 13/13 levels left

rFire    . . .     SeeInvis .   R - +0 war axe
rCold    . . .     Faith    .   (no shield)
rNeg     . . .     Spirit   .   B - +1 chain mail of the Dice {rElec}
rPois    +         Reflect  .   r - +0 helmet
rElec    +         Harm     .   (no cloak)
rCorr    +         Rampage  .   (no gloves)
Will     ++...                  (no boots)
Stlth    ..........             d - amulet of the acrobat
HPRegen  0.29/turn              n - ring of willpower
MPRegen  0.14/turn              z - ring of Lera Zopn {Drain rPois rCorr Str+4 Dex+6}

@: unable to hop, slow
A: amphibious, slowness 1, strong legs 2, +LOS
a: Hop, Renounce Religion, Berserk, Trog's Hand, Brothers in Arms


You were on level 6 of the Lair of Beasts.
You worshipped Trog.
Trog was extremely pleased with you.
You visited 2 branches of the dungeon, and saw 17 of its levels.
You also visited: Ossuary.

You collected 2032 gold pieces.

Inventory:

Hand Weapons
 M - a +1 executioner's axe
 R - a +0 war axe (weapon)
Missiles
 b - 2 boomerangs (quivered)
 x - 5 boomerangs of dispersal
 D - 5 curare-tipped darts
 N - a throwing net
 T - 5 javelins
Armour
 p - the +2 ring mail "Riadyhot" {rElec rPois rCorr Dex+2 SInv}
   (You found it on level 7 of the Dungeon)

   It affects your dexterity (+2).
   It insulates you from electricity.
   It protects you from poison.
   It lets you see invisible.
   It protects you from acid and corrosion.
 r - a +0 helmet (worn)
 B - the +1 chain mail of the Dice (worn) {rElec}
   (You found it on level 6 of the Dungeon)

   It insulates you from electricity.
Jewellery
 d - an amulet of the acrobat (around neck)
 n - a ring of willpower (left hand)
 y - a ring of fire
 z - the ring of Lera Zopn (right hand) {Drain rPois rCorr Str+4 Dex+6}
   (You acquired it on level 6 of the Dungeon)

   [ring of dexterity]

   It affects your strength (+4).
   It affects your dexterity (+6).
   It protects you from poison.
   It protects you from acid and corrosion.
   It drains your maximum health when unequipped.
Wands
 a - a wand of polymorph (8)
 c - a wand of flame (59)
 m - a wand of paralysis (12)
 o - a wand of iceblast (17)
 J - a wand of charming (1)
 U - a wand of mindburst (3)
Scrolls
 f - 5 scrolls of teleportation
 i - 2 scrolls of magic mapping
 q - 2 scrolls of noise
 s - 3 scrolls of immolation
 t - 2 scrolls of fear
 u - 4 scrolls of enchant armour
 v - 2 scrolls of silence
 C - 2 scrolls of torment {unknown}
 G - 3 scrolls of enchant weapon
 H - 2 scrolls of vulnerability {unknown}
 K - a scroll of holy word {unknown}
 O - a scroll of blinking
 Q - 2 scrolls of fog
 V - a scroll of brand weapon {unknown}
Potions
 e - a potion of haste
 g - 6 potions of attraction
 h - 10 potions of curing
 k - 2 potions of flight
 l - 3 potions of might
 w - 4 potions of lignification
 A - 2 potions of invisibility
 E - 4 potions of ambrosia
 F - 4 potions of magic
 I - 2 potions of cancellation
 L - a potion of berserk rage {unknown}
 P - 2 potions of mutation
 S - a potion of resistance {unknown}


   Skills:
 - Level 12.0 Fighting
 - Level 18.0 Axes
 * Level 13.3 Throwing
 - Level 11.2 Armour
 - Level 2.1 Dodging
 - Level 5.0 Evocations


You had 13 spell levels left.
You didn't know any spells.
Your spell library was empty.

Dungeon Overview and Level Annotations

Branches:
Dungeon (11/15)            Temple (0/1) D:4            Lair (6/6) D:11
  Swamp (0/4) Lair:4        Snake (0/4) Lair:2        Slime (0/5) Lair:5
    Orc (0/2) D:11        Ossuary (visited)

Altars:
Ashenzari
Makhleb
Trog
Xom

Annotations:
D:9 3 runed translucent doors, Froggeryz's ghost, novice OpIE
Lair:4 exclusion: 2 oklob plants


Innate Abilities, Weirdness & Mutations

You are amphibious.
You cover ground slowly.
You can hop long distances.
You have an extended range of vision and can be seen from far away.


Message History

The blink frog blinks! x2
The blink frog blinks!
The blink frog completely misses you. The blink frog closely misses you.
The blink frog completely misses you.
You see here a +0 flail.
The blink frog hits you but does no damage.
You see here 21 stones.
The blink frog blinks!
The blink frog blinks!
The blink frog closely misses you.
Hop to where?
Press: ? - help, Dir - move target Boing!
A blink frog comes into view.
The blink frog croaks.
The blink frog blinks! x2; The blink frog barely misses you.
You barely miss the blink frog. The blink frog hits you!
* * * LOW HITPOINT WARNING * * *
You closely miss the blink frog. x2; The blink frog hits you!
* * * LOW HITPOINT WARNING * * *
The blink frog misses you.
You miss the blink frog. You slash the blink frog! The blink frog hits you.
* * * LOW HITPOINT WARNING * * *
The blink frog blinks!
The blink frog closely misses you.
You feel much better.
The blink frog hits you but does no damage.
You miss the blink frog. The blink frog closely misses you.
You closely miss the blink frog. The blink frog hits you.
* * * LOW HITPOINT WARNING * * *
Aiming: Iceblast
Press: ? - help, Shift-Dir - straight line, f - blink frog
Aim: a blink frog (moderately wounded)
The mass of ice explodes!
The iceblast engulfs the blink frog!
The blink frog is severely wounded.
The iceblast engulfs the blink frog!!
The blink frog is severely wounded.
The blink frog hits you!
* * * LOW HITPOINT WARNING * * *
The blink frog blinks!
The blink frog hits you!
You die...

≈≈≈#.≈≈≈......F.....#
w≈≈#≈≈≈≈≈..........P#
≈###≈≈P≈≈≈....F....##
≈##.≈≈≈≈P.≈≈.......##
.
#.≈≈≈.≈≈≈≈...D....##
≈
#≈≈P≈≈≈≈≈..........#
#≈≈≈≈≈≈≈..........##
#≈P≈≈#≈≈≈.........P#
≈≈≈≈≈##≈≈≈≈≈...@...##
≈≈≈#####≈≈F)...F§..#
≈.≈ ##≈≈≈≈.........#
≈. #≈≈≈≈≈.........#
.≈#≈≈≈≈≈.#.......#
≈≈≈≈≈≈P≈.≈#......##
≈≈≈≈≈≈≈≈≈..#.......#
≈≈≈≈≈≈≈≈≈≈##........#
≈≈≈≈≈.≈≈≈.#........P#


You could see a six-headed hydra and 4 blink frogs.

Vanquished Creatures
  A boulder beetle (Lair:6)
  6 hydras
  A centaur warrior (D:10)
  4 death yaks
  Sonja (Lair:4)
  A lindwurm (Lair:6)
  A manticore (D:7)
  9 elephants
  2 torpor snails (Lair:4)
  4 black mambas
  32 cane toads
  An unseen horror (D:8)
  A rime drake (Lair:6)
  2 ice devils (Lair:2)
  11 komodo dragons
  5 polar bears
  2 trolls (D:9)
  2 tyrant leeches (Lair:6)
  2 basilisks
  28 blink frogs
  Sigmund (D:7)
  2 wraiths (D:11)
  A vampire (D:10)
  6 wyverns
  A shadow (D:11)
  37 yaks
  6 vampire mosquitoes (Lair:6)
  Edmund (D:7)
  The ghost of CInkIbrahim the Spear-Bearer, an amateur MfGl (D:4)
  8 water moccasins
  2 acid dragons
  3 nagas (Lair:2)
  A black bear (D:11)
  An ice beast (D:8)
  5 orc warriors
  4 sky beasts
  A hornet zombie (D:7)
  2 ogres (D:5)
  2 wolves
  6 centaurs
  3 elf zombies (Ossuary)
  A kobold brigand (D:8)
  2 gnoll sergeants
  8 scorpions
  23 bullfrogs
  3 killer bees (D:11)
  An electric eel (Lair:6)
  9 howler monkeys
  3 centaur zombies
  A human zombie (Ossuary)
  A hound (D:5)
  2 bullfrog zombies
  7 orc priests
  4 jellies
  Jessica (D:3)
  9 iguanas (Lair:2)
  8 orc wizards
  A hound zombie (Ossuary)
  4 mummies (Ossuary)
  2 howler monkey skeletons
  11 gnolls
  9 adders
  A shadow imp (D:6)
  2 white imps
  An ufetubus (D:6)
  5 worms
  4 dart slugs
  46 orcs
  5 ball pythons
  5 bats
  8 endoplasms
  6 giant cockroaches
  4 gnoll zombies (Ossuary)
  8 goblins
  10 hobgoblins
  5 jackals (D:1)
  13 kobolds
  2 quokkas
  3 frilled lizards
  A jackal zombie (Ossuary)
  A kobold zombie (Ossuary)
  An orc zombie (Ossuary)
  9 rats
460 creatures vanquished.

Vanquished Creatures (others)
  A komodo dragon (Lair:2)
  An orc (D:8)
  3 bushes
  49 fungi
  126 plants
180 creatures vanquished.

Grand Total: 640 creatures vanquished

Notes
Turn   | Place    | Note
-------+----------+-------------------------------------------
     0 | D:1      | Froggeryz the Barachi Berserker began the quest for the
                  | Orb.
     0 | D:1      | Reached XP level 1. HP: 18/18 MP: 1/1
     1 | D:1      | Found a runed translucent door.
     2 | D:1      | Noticed a jelly
   344 | D:1      | Reached XP level 2. HP: 18/24 MP: 2/2
   580 | D:1      | Reached skill level 4 in Axes
   668 | D:1      | Reached XP level 3. HP: 26/29 MP: 3/3
   761 | D:1      | Reached XP level 4. HP: 36/36 MP: 4/4
   766 | D:1      | Reached ** piety under Trog
   866 | D:2      | Reached skill level 5 in Axes
  1732 | D:2      | Reached XP level 5. HP: 41/41 MP: 5/5
  1974 | D:2      | Found a faded altar of an unknown god.
  2361 | D:3      | Noticed Jessica
  2370 | D:3      | Killed Jessica
  2371 | D:3      | Reached skill level 6 in Axes
  2495 | D:3      | Reached XP level 6. HP: 48/48 MP: 6/6
  2935 | D:4      | Noticed an orc warrior
  2947 | D:4      | Killed an orc warrior
  3216 | D:4      | Found a staircase to the Ecumenical Temple.
  3264 | D:4      | Found a runed translucent door.
  3264 | D:4      | Noticed CInkIbrahim's ghost (amateur MfGl)
  3472 | D:4      | You fall into a shaft and drop 2 floors!
  3481 | D:6      | Reached skill level 7 in Axes
  3526 | D:6      | Identified a scroll of acquirement
  3528 | D:6      | Acquired 793 gold pieces
  3565 | D:6      | Reached skill level 5 in Fighting
  3565 | D:6      | Reached XP level 7. HP: 7/56 MP: 7/7
  3977 | D:5      | Entered Level 5 of the Dungeon
  4161 | D:6      | Found a burning altar of Makhleb.
  4329 | D:5      | Reached *** piety under Trog
  4330 | D:5      | Reached skill level 8 in Axes
  5124 | D:4      | Killed CInkIbrahim's ghost
  5125 | D:4      | Reached XP level 8. HP: 65/65 MP: 8/8
  5498 | D:5      | Reached skill level 9 in Axes
  6696 | D:6      | Reached skill level 10 in Axes
  6967 | D:6      | Acquired the ring of Lera Zopn {Drain rPois rCorr Str+4
                  | Dex+6}
  7113 | D:6      | Identified the +1 chain mail of the Dice {rElec}
  7744 | D:7      | Noticed a manticore
  7757 | D:7      | Killed a manticore
  7758 | D:7      | Reached skill level 11 in Axes
  7758 | D:7      | Reached XP level 9. HP: 36/72 MP: 9/9
  8090 | D:7      | Identified the +2 ring mail "Riadyhot" {rElec rPois rCorr
                  | Dex+2 SInv}
  8350 | D:7      | Reached skill level 12 in Axes
  8486 | D:7      | Noticed Sigmund
  8487 | D:7      | Noticed Edmund
  8500 | D:7      | Killed Edmund
  8505 | D:7      | Killed Sigmund
  9112 | D:8      | Reached skill level 13 in Axes
  9118 | D:8      | Found a sand-covered staircase.
  9128 | Ossuary  | Entered an ossuary
  9425 | Ossuary  | Reached XP level 10. HP: 67/79 MP: 10/10
  9631 | Ossuary  | Reached skill level 16 in Axes
  9631 | Ossuary  | Reached XP level 11. HP: 84/84 MP: 11/11
  9632 | Ossuary  | Reached XP level 12. HP: 91/91 MP: 12/12
 10065 | D:8      | Reached **** piety under Trog
 10475 | D:9      | Found a runed translucent gate.
 10475 | D:9      | Found a runed translucent gate.
 10475 | D:9      | Found a runed translucent gate.
 10670 | D:9      | Noticed Froggeryz's ghost (novice OpIE)
 10710 | D:9      | Found a bloodstained altar of Trog.
 11736 | D:10     | Entered Level 10 of the Dungeon
 11913 | D:10     | Reached skill level 17 in Axes
 12011 | D:10     | Found a broken altar of Ashenzari.
 12021 | D:10     | Noticed a centaur warrior
 12036 | D:10     | Killed a centaur warrior
 12810 | D:10     | Found a shimmering altar of Xom.
 13048 | D:11     | Found a staircase to the Lair.
 13234 | D:11     | Reached skill level 10 in Fighting
 13322 | D:11     | Reached ***** piety under Trog
 13332 | D:11     | Found a staircase to the Orcish Mines.
 14137 | Lair:1   | Entered Level 1 of the Lair of Beasts
 15148 | Lair:1   | Gained mutation: You can hop long distances. [Barachi
                  | growth]
 15148 | Lair:1   | Reached XP level 13. HP: 96/107 MP: 13/13
 15486 | Lair:1   | Reached skill level 1 in Evocations
 16692 | Lair:2   | Reached skill level 18 in Axes
 16750 | Lair:2   | Reached skill level 1 in Throwing
 16809 | Lair:2   | Identified the +4 dagger of Pride {protect, *Noise rElec
                  | rC++ Stlth+}
 17523 | Lair:2   | Found a staircase to the Snake Pit.
 18349 | Lair:2   | Reached skill level 5 in Evocations
 18852 | Lair:3   | Received a gift from Trog
 18858 | Lair:3   | Reached skill level 5 in Throwing
 19477 | Lair:3   | Identified the +2 ring mail of the Invisible Hand {Will-
                  | Int+10 Dex-3 Stlth+}
 21049 | Lair:4   | Found a staircase to the Swamp.
 21808 | Lair:4   | Noticed Sonja
 21826 | Lair:4   | Killed Sonja
 22119 | Lair:4   | Reached XP level 14. HP: 49/115 MP: 14/14
 22880 | Lair:5   | Found a staircase to the Slime Pits.
 23394 | Lair:5   | Reached skill level 10 in Throwing
 24082 | Lair:6   | Entered Level 6 of the Lair of Beasts
 26325 | Lair:6   | Reached ****** piety under Trog
 26404 | Lair:6   | Received a gift from Trog
 27358 | Lair:6   | HP: 2/115 [blink frog (4)]
 27362 | Lair:6   | Slain by a blink frog

Illustrated notes

Levels and vault maps discovered:
D:1:      dpeg_arrival_caged_fury, layout_basic
D:2:      layout_basic, ebering_ecumenical_altar_hall, st_stairs_9, minivault_4
D:3:      layout_rooms, uniq_jessica
D:4:      layout_basic, temple_doors_e, hellmonk_ghost_happy_afterlife,
          kennysheep_generic_room_10
D:5:      layout_basic, serial_rivers, chequers_serial_rivers_small_b,
          chequers_serial_rivers_large_a, chequers_serial_rivers_room_b,
          chequers_serial_rivers_small_b, chequers_serial_rivers_marsh,
          chequers_serial_rivers_marsh, minmay_door_square,
          kennysheep_small_square
D:6:      layout_basic, old_standard_altar
D:7:      layout_rooms, sigmund_edmund_badplayer
D:8:      layout_loops_cross, enter_ossuary_1, minmay_orc_keep
D:9:      layout_roguey, trog_hazing_becter, gammafunk_ghost_icy
D:10:     layout_small_grid, overflow_temple_1_default,
          ashenzari_conservatory_becter
D:11:     layout_rooms, grunt_lair_entry_orc_guard_hut, hiddenorc2_lemuel
Lair:1:   layout_cave_pods, minivault_11, beast_lair_carwin_8
Lair:2:   beast_lair_carwin_large_4, layout_cave_pods,
          guppyfry_snake_entry_island, portal_ice_cave_demonic_guard,
          grunt_megastairs_5
Lair:3:   layout_gridlike, st_stairs_4, beast_lair_carwin_9
Lair:4:   layout_cave_pods, swamp_mist, chequers_serial_rivers_micro_e,
          minmay_hedge_maze, minmay_lair_oklob_chamber, uniq_sonja
Lair:5:   layout_cave_shapes, nicolae_slime_entry_slimehenge,
          chequers_serial_rivers_small_3
Lair:6:   minmay_lair_end_frog_pond, layout_regular_city

Skill      XL: |  1  2  3  4  5  6  7  8  9 10 11 12 13 14 |
---------------+-------------------------------------------+-----
Axes           | 4 5 6 7 8 11 13 16 17 18 | 18.0
Armour         | 3 4 11 | 11.2
Fighting       | 4 5 6 7 11 12 | 12.0
Evocations     | 5 |  5.0
Throwing       | 8 13 | 13.3
Dodging        | |  2.1

Action                   |  1- 3 |  4- 6 |  7- 9 | 10-12 | 13-15 || total
-------------------------+-------+-------+-------+-------+-------++-------
Melee: Hand axe          |    71 |   259 |   416 |   550 |   183 ||  1479
       War axe           |       |       |       |       |   586 ||   586
Throw: Boomerang         |       |       |       |       |   102 ||   102
       Javelin           |       |       |       |       |     8 ||     8
       Dart              |       |       |       |       |     2 ||     2
Invok: Berserk           |     2 |     4 |    12 |    10 |    14 ||    42
       Trog's Hand       |       |     1 |     1 |       |     1 ||     3
 Abil: Hop               |       |       |     2 |     3 |     9 ||    14
Evoke: Wand              |       |       |       |     6 |    50 ||    56
  Use: Scroll            |       |    10 |     2 |    15 |     5 ||    32
       Potion            |       |       |     1 |     5 |     3 ||     9
 Stab: Paralysed         |       |       |       |     1 |     8 ||     9
Armor: Animal skin       |    16 |       |       |       |       ||    16
       Ring mail         |     8 |    66 |       |       |       ||    74
       Scale mail        |       |    29 |    73 |       |       ||   102
       Chain mail        |       |       |    84 |   229 |   267 ||   580
Dodge: Dodged            |    49 |   136 |   163 |   285 |   363 ||   996

Table legend: (Time is in decaauts)
 A = Elapsed time spent in this place.
 B = Non-inter-level travel time spent in this place.
 C = Inter-level travel time spent in this place.
 D = Time resting spent in this place.
 E = Time spent auto-exploring this place.
 F = Levels seen in this place.
 G = Mean time per level.
                   A        B        C        D        E       F      G
               +--------+--------+--------+--------+--------+-----+--------+
         Total |  29304 |  28556 |    748 |   9176 |  15800 |  18 | 1628.0 |
       Dungeon |  15118 |  14580 |    538 |   4519 |   8077 |  11 | 1374.4 |
          Lair |  13658 |  13448 |    210 |   4430 |   7500 |   6 | 2276.3 |
       Ossuary |    527 |    527 |      0 |    226 |    222 |   1 |  527.0 |
               +--------+--------+--------+--------+--------+-----+--------+

Top non-repeatable levels by time:
  Lair:5: 3794 daAuts
  Lair:4: 2724 daAuts
  Lair:2: 2709 daAuts
     D:6: 2417 daAuts
     D:5: 1878 daAuts
  Lair:1: 1731 daAuts
    D:10: 1505 daAuts
     D:4: 1419 daAuts
  Lair:3: 1384 daAuts
     D:2: 1383 daAuts
     D:9: 1360 daAuts
  Lair:6: 1314 daAuts
    D:11: 1279 daAuts
     D:7: 1207 daAuts
     D:1: 972 daAuts
